 Dungeon Sprint DCSS version 0.16.2-12-gd0ad4c3 (webtiles) character file.

0 musteatbrain the Conjurer (level 1, -1/13 HPs)
             Began as a Demonspawn Wizard on Oct 15, 2015.
             Killed from afar by an orc wizard (8 damage)
             ... with a magic dart
             ... in the Dungeon (Sprint VI: "Thunderdome").
             The game lasted 00:01:56 (72 turns).

musteatbrain the Conjurer (Demonspawn Wizard)         Turns: 72, Time: 00:01:56

Health: -1/13      AC:  2    Str: 14    XL:     1   Next: 50%
Magic:  8/22       EV: 12    Int: 24    God:
Gold:   20         SH:  0    Dex: 11    Spells: 1 memorised, 5 levels left

rFire  . . .     SeeInvis .     s - +0 dagger
rCold  . . .     Clarity  .     a - +0 robe
rNeg   . . .     SustAb   .     (no shield)
rPois  .         Gourm    .     b - +0 hat
rElec  .         Spirit   .     (no cloak)
rCorr  .         Warding  .     (no gloves)
rMut   .         NoTele   +     (no boots)
MR     .....                    q - amulet of Grenopsua {Regen+ Int+4}
Stlth  ++........               r - ring of Law {+Fly MP+9 Str+7 Int-3}
                                o - ring "Jydegal" {MP+9 Int+4}

@: not resistant to hostile enchantments, unstealthy
A: no striking features
a: Evoke Flight


You were in the Dungeon.
You were not hungry.

You visited 1 branch You collected 200 gold pieces.
You spent 180 gold pieces at shops.

Inventory:

Hand weapons
 s - a +0 dagger (weapon)
Armour
 a - a +0 robe (worn)
 b - a +0 hat (worn)
Jewellery
 o - the ring "Jydegal" (left hand) {MP+9 Int+4}
   (You bought it in a shop in the Dungeon)

   [ring of magical power]

   It affects your intelligence (+4).
   It affects your magic capacity (+9).
 p - the amulet of Xoemoiss {rMut rC++}
   (You bought it in a shop in the Dungeon)

   [amulet of resist mutation]

   It protects you from mutation.
   It greatly protects you from cold.
 q - the amulet of Grenopsua (around neck) {Regen+ Int+4}
   (You bought it in a shop in the Dungeon)

   [amulet of regeneration]

   It affects your intelligence (+4).
   It increases your rate of regeneration.
 r - the ring of Law (right hand) {+Fly MP+9 Str+7 Int-3}
   (You bought it in a shop in the Dungeon)

   [ring of magical power]

   It affects your strength (+7).
   It affects your intelligence (-3).
   It affects your magic capacity (+9).
   It lets you fly.
Magical devices
 l - a wand of cold (5)
 m - a wand of fire (5)
Scrolls
 j - 4 scrolls of blinking
 n - 3 scrolls of fog
Potions
 e - a potion of curing
 f - 4 potions of heal wounds
 g - 4 potions of haste
 h - 2 potions of magic
 i - a potion of berserk rage
 k - a potion of resistance
Books
 c - a book of Minor Magic

   Spells                             Type                      Level
   a - Magic Dart                     Conjuration                  1
   b - Blink                          Translocation                2
   c - Call Imp                       Summoning                    2
   d - Repel Missiles                 Charms/Air                   2
   e - Slow                           Hexes                        2
   f - Conjure Flame                  Conjuration/Fire             3
   g - Mephitic Cloud                 Conjuration/Poison/Air       3
Comestibles
 d - a bread ration


   Skills:
 - Level 1.7 Dodging
 - Level 1.7 Stealth
 - Level 3.0 Spellcasting
 + Level 3.2 Conjurations
   Level 1.0 Summonings
   Level 0.8 Translocations


You had 5 spell levels left.
You knew the following spells:

 Your Spells              Type           Power        Failure   Level  Hunger
a - Magic Dart            Conj           ###.         3%          1    None


Dungeon Overview and Level Annotations

Branches:
Dungeon (1/1)

Altars:
Dithmenos
Ru
Sif Muna
Trog
Vehumet
The Shining One

Shops:
D *[%?


Message History

Casting: Magic Dart
Confirm with . or Enter, or press ? or * to list all spells.
Aiming: Magic Dart
Press: ? - help, Shift-Dir - straight line, f - orc wizard
Aim: an orc wizard, wielding a dagger and wearing a robe The magic dart hits the orc wizard.
The orc wizard is lightly wounded.
The orc wizard points at you and mumbles some strange words.
The magic dart hits you!
Casting: Magic Dart
Confirm with . or Enter, or press ? or * to list all spells.
Aiming: Magic Dart
Press: ? - help, Shift-Dir - straight line, f/p - orc wizard
Aim: an orc wizard, wielding a dagger and wearing a robe (lightly wounded)
The magic dart hits the orc wizard.
The orc wizard is lightly wounded.
The orc wizard casts a spell at you. The magic dart hits you!
Ouch! That really hurt!
You die...

###... . #⌠.... ..
######.8.... ..8.
##∩.__......# ....
###∩........8.# .8...
##.............###...
#⌠..........###...#
#⌠..........# #.<.#
#⌠....@.....###...#
##........)o...###.....
###∩........8.# .8...
##∩___......# ....
######.8...... ..8.
#⌠........ ..
###....... . #.......
#_.....


You could see an orc wizard.

Vanquished Creatures
  2 orcs (D)
2 creatures vanquished.

Notes
Turn   | Place    | Note
--------------------------------------------------------------
     0 | D        | musteatbrain, the Demonspawn Wizard, began the quest for the Orb.
     0 | D        | Reached XP level 1. HP: 13/13 MP: 4/4
     2 | D        | Found a radiant altar of Vehumet.
     3 | D        | Found a glowing golden altar of the Shining One.
     3 | D        | Found a sacrificial altar of Ru.
     4 | D        | Found a shadowy altar of Dithmenos.
     5 | D        | Found Saffap's Advanced Armour.
     5 | D        | Found Liteirch's Identification Station.
     5 | D        | Found a bloodstained altar of Trog.
     5 | D        | Found a deep blue altar of Sif Muna.
     5 | D        | Round 1.
     7 | D        | Found Ylauri's Jewellery.
     7 | D        | Found Mnasiq's Bee Food.
    19 | D        | Bought a translucent steel ring for 45 gold pieces
    19 | D        | Bought a smoking garnet amulet for 45 gold pieces
    19 | D        | Identified the ring "Jydegal" {MP+9 Int+4} (You bought it in a shop in the Dungeon)
    20 | D        | Identified the amulet of Xoemoiss {rMut rC++} (You bought it in a shop in the Dungeon)
    21 | D        | Bought a scorched crystal amulet for 45 gold pieces
    21 | D        | Bought a vibrating tin ring for 45 gold pieces
    21 | D        | Identified the ring of Law {+Fly MP+9 Str+7 Int-3} (You bought it in a shop in the Dungeon)
    23 | D        | Identified the amulet of Grenopsua {Regen+ Int+4} (You bought it in a shop in the Dungeon)
    64 | D        | Noticed an orc wizard
    72 | D        | Killed from afar by an orc wizard

Action                   || total
-------------------------++-------
Melee: Unarmed           ||     8
       Dagger            ||     1
 Cast: Magic Dart        ||     5
